| TOP OF THE 1ST |
|
Chattanooga Lookouts batting - Pitching for Montgomery Biscuits : RHP David Breaux
|
|
Pitching: RHP David Breaux
|
|
|
Batting: LHB Marius Tadini
|
0-0: Called Strike 0-1: Called Strike 0-2: Ground out 4-3 (Groundball, 34, EV 110.0 MPH)
|
|
Batting: RHB Francisque Regras
|
0-0: Ball 1-0: Ball 2-0: Ground out 6-3 (Groundball, 56, EV 85.0 MPH)
|
|
Batting: LHB Matt Robertson
|
0-0: Ball 1-0: Ball 2-0: Ball 3-0: SINGLE (Line Drive, 89S, EV 98.8 MPH)
|
|
Batting: RHB Isaiah Easter
|
0-0: Ball 1-0: Called Strike 1-1: Ground out 4-3 (Groundball, 4, EV 86.9 MPH)
|
| Top of the 1st over - 0 runs, 1 hit, 0 errors, 1 left on base; Chattanooga 0 - Montgomery 0 |
| BOTTOM OF THE 1ST |
|
Montgomery Biscuits batting - Pitching for Chattanooga Lookouts : RHP Matt Springer
|
|
Pitching: RHP Matt Springer
|
|
|
Batting: LHB Davion Lewis
|
0-0: Called Strike 0-1: Ball 1-1: Swinging Strike 1-2: Foul Ball, location: 2F 1-2: Ground out 6-3 (Groundball, 6M, EV 84.4 MPH)
|
|
Batting: RHB Steve French
|
0-0: Ball 1-0: Ball 2-0: Foul Ball, location: 2F 2-1: Ball 3-1: Base on Balls
|
|
Batting: RHB Wing-kit Bu
|
0-0: Ball Pickoff Throw to First - Out! 1-3 1-0: Foul Ball, location: 2F 1-1: Ground out U3 (Groundball, 34S, EV 71.2 MPH)
|
| Bottom of the 1st over - 0 runs, 0 hits, 0 errors, 0 left on base; Chattanooga 0 - Montgomery 0 |
| TOP OF THE 2ND |
|
Chattanooga Lookouts batting - Pitching for Montgomery Biscuits : RHP David Breaux
|
|
Batting: RHB Justin Allison
|
0-0: Ball 1-0: Called Strike 1-1: SOLO HOME RUN (Flyball, 7LD, EV 96.2 MPH), Distance : 344 ft
|
|
Batting: SHB Chris Ortiz
|
0-0: Ball 1-0: Foul Ball, location: 2F 1-1: Ground out 6-3 (Groundball, 6M, EV 91.9 MPH)
|
|
Batting: RHB Masaichi Tokunaga
|
0-0: Called Strike 0-1: Ball 1-1: Swinging Strike 1-2: Ball 2-2: Foul Ball, location: 2F 2-2: Foul Ball, location: 2F 2-2: Ball 3-2: Foul Ball, location: 2F 3-2: Fly out, F7 (Flyball, 7LD, EV 95.0 MPH)
|
|
Batting: RHB Bobby Paredes
|
0-0: Ball 1-0: Ball 2-0: Swinging Strike 2-1: Fly out, F7 (Flyball, 7S, EV 80.0 MPH)
|
| Top of the 2nd over - 1 run, 1 hit, 0 errors, 0 left on base; Chattanooga 1 - Montgomery 0 |
| BOTTOM OF THE 2ND |
|
Montgomery Biscuits batting - Pitching for Chattanooga Lookouts : RHP Matt Springer
|
|
Batting: LHB David Seminario
|
0-0: Ball 1-0: Called Strike 1-1: Foul Ball, location: 2F 1-2: Strikes out looking
|
|
Batting: SHB Brett McEwen
|
0-0: SINGLE (Groundball, 6MD, EV 100.6 MPH)
|
|
Batting: LHB Barnabé Metrass
|
0-0: Ball 1-0: Foul Ball, location: 2F 1-1: Fly out, F8 (Flyball, 8LS, EV 82.5 MPH)
|
|
Batting: SHB Willie Koviak
|
0-0: Swinging Strike 0-1: Ball 1-1: Ball 2-1: Called Strike 2-2: SINGLE (Groundball, 4D, EV 104.4 MPH) Brett McEwen to second Runner from 2nd tries for 3rd, OUT! 8-5
|
| Bottom of the 2nd over - 0 runs, 2 hits, 0 errors, 1 left on base; Chattanooga 1 - Montgomery 0 |
| TOP OF THE 3RD |
|
Chattanooga Lookouts batting - Pitching for Montgomery Biscuits : RHP David Breaux
|
|
Batting: RHB Julian de Reus
|
0-0: Called Strike 0-1: Foul Ball, location: 2F 0-2: Strikes out swinging
|
|
Batting: LHB Marius Tadini
|
0-0: Ball 1-0: Called Strike 1-1: Foul Ball, location: 2F 1-2: Foul Ball, location: 2F 1-2: Strikes out looking
|
|
Batting: RHB Francisque Regras
|
0-0: Called Strike 0-1: SINGLE (Groundball, 56, EV 104.4 MPH) (infield hit)
|
|
Batting: LHB Matt Robertson
|
0-0: Swinging Strike 0-1: Swinging Strike 0-2: Ball 1-2: Ball 2-2: Foul Ball, location: 2F 2-2: Strikes out swinging
|
| Top of the 3rd over - 0 runs, 1 hit, 0 errors, 1 left on base; Chattanooga 1 - Montgomery 0 |
| BOTTOM OF THE 3RD |
|
Montgomery Biscuits batting - Pitching for Chattanooga Lookouts : RHP Matt Springer
|
|
Batting: RHB Devin Brown
|
0-0: Ball 1-0: Called Strike 1-1: Foul Ball, location: 2F 1-2: SINGLE (Groundball, 56S, EV 76.9 MPH) (infield hit)
|
|
Batting: RHB Alfredo Moreno
|
0-0: Ball 1-0: Foul Ball, location: 2F 1-1: Foul Ball, location: 2F 1-2: Foul Ball, location: 2F 1-2: Ball 2-2: Strikes out swinging
|
|
Batting: LHB Davion Lewis
|
0-0: Foul Ball, location: 2F 0-1: Grounds into double play, 4-6-3 (Groundball, 4, EV 83.8 MPH)
|
| Bottom of the 3rd over - 0 runs, 1 hit, 0 errors, 0 left on base; Chattanooga 1 - Montgomery 0 |
| TOP OF THE 4TH |
|
Chattanooga Lookouts batting - Pitching for Montgomery Biscuits : RHP David Breaux
|
|
Batting: RHB Isaiah Easter
|
0-0: SINGLE (Groundball, 56D, EV 102.5 MPH)
|
|
Batting: RHB Justin Allison
|
0-0: Ball 1-0: 2-RUN HOME RUN (Flyball, 7D, EV 95.6 MPH), Distance : 373 ft
|
|
Batting: SHB Chris Ortiz
|
0-0: Called Strike 0-1: Ball 1-1: Foul Ball, location: 2F 1-2: Ball 2-2: Ground out 4-3 (Groundball, 4, EV 101.9 MPH)
|
|
Batting: RHB Masaichi Tokunaga
|
0-0: Called Strike 0-1: Called Strike 0-2: Ball 1-2: Strikes out swinging
|
|
Batting: RHB Bobby Paredes
|
0-0: Called Strike 0-1: Fly out, F8 (Line Drive, 8RM, EV 106.2 MPH)
|
| Top of the 4th over - 2 runs, 2 hits, 0 errors, 0 left on base; Chattanooga 3 - Montgomery 0 |
| BOTTOM OF THE 4TH |
|
Montgomery Biscuits batting - Pitching for Chattanooga Lookouts : RHP Matt Springer
|
|
Batting: RHB Steve French
|
0-0: Ball 1-0: Ball 2-0: Ball 3-0: Base on Balls
|
|
Batting: RHB Wing-kit Bu
|
0-0: Called Strike 0-1: SINGLE (Groundball, 6MD, EV 99.4 MPH) Steve French to second
|
|
Batting: LHB David Seminario
|
0-0: Ball 1-0: Ball 2-0: Foul Ball, location: 2F 2-1: Foul Ball, location: 2F 2-2: Strikes out swinging
|
|
Batting: SHB Brett McEwen
|
0-0: Grounds into double play, 5-4-3 (Groundball, 56, EV 106.2 MPH)
|
| Bottom of the 4th over - 0 runs, 1 hit, 0 errors, 1 left on base; Chattanooga 3 - Montgomery 0 |
| TOP OF THE 5TH |
|
Chattanooga Lookouts batting - Pitching for Montgomery Biscuits : RHP David Breaux
|
|
Batting: RHB Julian de Reus
|
0-0: Ball 1-0: Ball 2-0: Ball 3-0: Called Strike 3-1: Swinging Strike 3-2: DOUBLE (Groundball, 5L, EV 105.0 MPH)
|
|
Batting: LHB Marius Tadini
|
0-0: Swinging Strike 0-1: Ball 1-1: Fly out, F8 (Flyball, 8LS, EV 74.4 MPH)
|
|
Batting: RHB Francisque Regras
|
0-0: Ball 1-0: SINGLE (Groundball, 56S, EV 73.1 MPH) (infield hit) Julian de Reus to third
|
|
Batting: LHB Matt Robertson
|
0-0: Ball 1-0: Foul Ball, location: 2F 1-1: Ball 2-1: Ball 3-1: Base on Balls Francisque Regras to second
|
|
Batting: RHB Isaiah Easter
|
0-0: Swinging Strike 0-1: Swinging Strike 0-2: Ball 1-2: Strikes out looking
|
|
Batting: RHB Justin Allison
|
0-0: Foul Ball, location: 2F 0-1: Foul Ball, location: 2F 0-2: Foul Ball, location: 2F 0-2: Strikes out swinging
|
| Top of the 5th over - 0 runs, 2 hits, 0 errors, 3 left on base; Chattanooga 3 - Montgomery 0 |
| BOTTOM OF THE 5TH |
|
Montgomery Biscuits batting - Pitching for Chattanooga Lookouts : RHP Matt Springer
|
|
Batting: LHB Barnabé Metrass
|
0-0: Ball 1-0: Ball 2-0: Called Strike 2-1: Ball 3-1: Foul Ball, location: 2F 3-2: Base on Balls
|
|
Batting: SHB Willie Koviak
|
0-0: Foul Ball, location: 2F 0-1: Hit by Pitch Barnabé Metrass to second
|
|
Batting: RHB Devin Brown
|
0-0: Foul Ball, location: 2F 0-1: Foul Ball, location: 2F 0-2: Strikes out swinging
|
|
Batting: RHB Alfredo Moreno
|
0-0: SINGLE (Groundball, 4MS, EV 76.9 MPH) (infield hit) Barnabé Metrass to third Willie Koviak to second
|
|
Batting: LHB Davion Lewis
|
0-0: Ball 1-0: Called Strike 1-1: Foul Ball, location: 2F 1-2: Fly out, F9 (Flyball, 9LD, EV 86.2 MPH) Runner from 3rd tags up, SCORES, no throw by RF
|
|
Batting: RHB Steve French
|
0-0: Called Strike 0-1: Foul Ball, location: 2F 0-2: Strikes out swinging
|
| Bottom of the 5th over - 1 run, 1 hit, 0 errors, 2 left on base; Chattanooga 3 - Montgomery 1 |
| TOP OF THE 6TH |
|
Chattanooga Lookouts batting - Pitching for Montgomery Biscuits : RHP David Breaux
|
|
Batting: SHB Chris Ortiz
|
0-0: Fly out, F3 (Line Drive, 3, EV 70.6 MPH)
|
|
Batting: RHB Masaichi Tokunaga
|
0-0: Called Strike 0-1: Ball 1-1: Ball 2-1: Swinging Strike 2-2: Ball 3-2: Foul Ball, location: 2F 3-2: Strikes out swinging
|
|
Batting: RHB Bobby Paredes
|
0-0: Called Strike 0-1: Ball 1-1: Ball 2-1: Ball 3-1: Base on Balls
|
|
Batting: RHB Julian de Reus
|
0-0: Ball 1-0: Foul Ball, location: 2F 1-1: Ball 2-1: Foul Ball, location: 2F 2-2: Strikes out looking
|
| Top of the 6th over - 0 runs, 0 hits, 0 errors, 1 left on base; Chattanooga 3 - Montgomery 1 |
| BOTTOM OF THE 6TH |
|
Montgomery Biscuits batting - Pitching for Chattanooga Lookouts : RHP Matt Springer
|
|
Batting: RHB Wing-kit Bu
|
0-0: Ball 1-0: Ball 2-0: Ball 3-0: Called Strike 3-1: Foul Ball, location: 2F 3-2: SINGLE (Groundball, 23, EV 67.5 MPH) (infield hit)
|
|
Batting: LHB David Seminario
|
0-0: Called Strike 0-1: Called Strike 0-2: Strikes out swinging
|
|
Batting: SHB Brett McEwen
|
0-0: Called Strike 0-1: Ball 1-1: Foul Ball, location: 2F 1-2: Foul Ball, location: 2F 1-2: Ball 2-2: Ball 3-2: Base on Balls Wing-kit Bu to second
|
|
Batting: LHB Barnabé Metrass
|
0-0: Ball 1-0: Ball 2-0: Called Strike 2-1: Ball 3-1: Called Strike 3-2: Foul Ball, location: 2F 3-2: Foul Ball, location: 2F 3-2: Base on Balls Wing-kit Bu to third Brett McEwen to second
|
|
Batting: SHB Willie Koviak
|
0-0: Called Strike 0-1: Ball 1-1: Fly out, F8 (Flyball, 8RXD, EV 96.9 MPH) Runner from 3rd tags up, SCORES, no throw by CF Brett McEwen to third
|
|
Pitching: RHP Mike Ferry
|
|
|
Batting: RHB Devin Brown
|
0-0: Called Strike 0-1: Called Strike 0-2: Foul Ball, location: 2F 0-2: Ball 1-2: Foul Ball, location: 2F 1-2: SINGLE (Groundball, 34, EV 108.1 MPH) (infield hit) Brett McEwen scores Barnabé Metrass to second
|
|
Batting: RHB Alfredo Moreno
|
0-0: Ground out U3 (Groundball, 3S, EV 85.6 MPH)
|
| Bottom of the 6th over - 2 runs, 2 hits, 0 errors, 2 left on base; Chattanooga 3 - Montgomery 3 |
| TOP OF THE 7TH |
|
Chattanooga Lookouts batting - Pitching for Montgomery Biscuits : RHP David Breaux
|
|
Pitching: RHP Miguel Romero
|
|
|
Batting: LHB Marius Tadini
|
0-0: Swinging Strike 0-1: Called Strike 0-2: Ball 1-2: Ground out 6-3 (Groundball, 6, EV 82.5 MPH)
|
|
Batting: RHB Francisque Regras
|
0-0: Ball 1-0: Swinging Strike 1-1: Ball 2-1: Ground out 6-3 (Groundball, 56, EV 100.6 MPH)
|
|
Batting: LHB Matt Robertson
|
0-0: Called Strike 0-1: Ball 1-1: Ball 2-1: Swinging Strike 2-2: Ball 3-2: SINGLE (Line Drive, 56D, EV 97.5 MPH)
|
|
Batting: RHB Isaiah Easter
|
0-0: Called Strike 0-1: Ball 1-1: Ball 2-1: Ball 3-1: Fielders Choice at 2nd, 5-4 (Groundball, 5, EV 80.6 MPH)
|
| Top of the 7th over - 0 runs, 1 hit, 0 errors, 1 left on base; Chattanooga 3 - Montgomery 3 |
| BOTTOM OF THE 7TH |
|
Montgomery Biscuits batting - Pitching for Chattanooga Lookouts : RHP Mike Ferry
|
|
Batting: LHB Davion Lewis
|
0-0: Ground out 1-3 (Groundball, 13, EV 63.8 MPH)
|
|
Batting: RHB Steve French
|
0-0: Ball 1-0: Ball 2-0: Ball 3-0: Called Strike 3-1: Foul Ball, location: 2F 3-2: Foul Ball, location: 2F 3-2: Base on Balls
|
|
Batting: RHB Wing-kit Bu
|
0-0: Called Strike 0-1: Grounds into double play, 5-4-3 (Groundball, 56S, EV 88.8 MPH)
|
| Bottom of the 7th over - 0 runs, 0 hits, 0 errors, 0 left on base; Chattanooga 3 - Montgomery 3 |
| TOP OF THE 8TH |
|
Chattanooga Lookouts batting - Pitching for Montgomery Biscuits : RHP Miguel Romero
|
|
Batting: RHB Justin Allison
|
0-0: Ball 1-0: Ball 2-0: Called Strike 2-1: Ball 3-1: Swinging Strike 3-2: Strikes out swinging
|
|
Batting: SHB Chris Ortiz
|
0-0: Called Strike 0-1: SINGLE (Groundball, 4D, EV 108.8 MPH)
|
|
Pinch Hitting: RHB J.J. Powers
|
0-0: Fielders Choice at 2nd, 6-4 (Groundball, 6, EV 93.8 MPH)
|
|
Pinch Hitting: LHB Armando Rendon
|
0-0: Ball J.J. Powers steals 2nd base (no throw) 1-0: Ball 2-0: Ball 3-0: Called Strike 3-1: Foul Ball, location: 2F 3-2: Ground out 4-3 (Groundball, 34, EV 92.5 MPH)
|
| Top of the 8th over - 0 runs, 1 hit, 0 errors, 1 left on base; Chattanooga 3 - Montgomery 3 |
| BOTTOM OF THE 8TH |
|
Montgomery Biscuits batting - Pitching for Chattanooga Lookouts : RHP Mike Ferry
|
|
Now at 1B: Miguel Verduzco
|
|
|
Now at 3B: Ben Droge
|
|
|
Batting: LHB David Seminario
|
0-0: Swinging Strike 0-1: Foul Ball, location: 2F 0-2: Ground out 4-3 (Groundball, 4, EV 97.5 MPH)
|
|
Batting: SHB Brett McEwen
|
0-0: Ball 1-0: Ball 2-0: Ball 3-0: Base on Balls
|
|
Batting: LHB Barnabé Metrass
|
0-0: Swinging Strike 0-1: Ball 1-1: Ball 2-1: Grounds into double play, 6-4-3 (Groundball, 6, EV 83.1 MPH)
|
| Bottom of the 8th over - 0 runs, 0 hits, 0 errors, 0 left on base; Chattanooga 3 - Montgomery 3 |
| TOP OF THE 9TH |
|
Chattanooga Lookouts batting - Pitching for Montgomery Biscuits : RHP Miguel Romero
|
|
Pitching: LHP Sam Wesman
|
|
|
Batting: RHB Julian de Reus
|
0-0: Ball 1-0: Called Strike 1-1: DOUBLE (Groundball, 5L, EV 99.4 MPH)
|
|
Pinch Hitting: RHB Ruben Martinez
|
0-0: Intentional Walk
|
|
Batting: RHB Francisque Regras
|
0-0: Bunt missed! 0-1: Ball 1-1: Bunted foul 1-2: Strikes out swinging
|
|
Batting: LHB Matt Robertson
|
0-0: Fielders Choice at 2nd, 3-6 (Groundball, 34S, EV 80.6 MPH) Julian de Reus to third
|
|
Batting: RHB Isaiah Easter
|
0-0: Called Strike 0-1: Ball 1-1: Swinging Strike 1-2: Strikes out looking
|
| Top of the 9th over - 0 runs, 1 hit, 0 errors, 2 left on base; Chattanooga 3 - Montgomery 3 |
| BOTTOM OF THE 9TH |
|
Montgomery Biscuits batting - Pitching for Chattanooga Lookouts : RHP Mike Ferry
|
|
Pitching: RHP Justin Gorden
|
|
|
Now in LF: Kozo Kanamori
|
|
|
Batting: SHB Willie Koviak
|
0-0: Ball 1-0: Foul Ball, location: 2F 1-1: Foul Ball, location: 2F 1-2: Strikes out swinging
|
|
Batting: RHB Devin Brown
|
0-0: SINGLE (Line Drive, 5D, EV 100.6 MPH)
|
|
Batting: RHB Alfredo Moreno
|
0-0: Bunt missed! 0-1: Sac Bunt to 15S - play at first, batter OUT! 1-4 Devin Brown to second
|
|
Batting: LHB Davion Lewis
|
0-0: SINGLE (Groundball, 4, EV 98.8 MPH) Devin Brown to third
|
|
Batting: RHB Steve French
|
0-0: Ball 1-0: Ball 2-0: Ball 3-0: Base on Balls Davion Lewis to second
|
|
Batting: RHB Wing-kit Bu
|
0-0: Swinging Strike 0-1: Ball 1-1: Ball 2-1: Foul Ball, location: 2F 2-2: Fielders Choice at 2nd, 6-4 (Groundball, 6, EV 84.4 MPH)
|
| Bottom of the 9th over - 0 runs, 2 hits, 0 errors, 3 left on base; Chattanooga 3 - Montgomery 3 |
| TOP OF THE 10TH |
|
Chattanooga Lookouts batting - Pitching for Montgomery Biscuits : LHP Sam Wesman
|
|
Batting: RHB Justin Allison
|
0-0: Ball 1-0: Called Strike 1-1: Ball 2-1: Ball 3-1: Base on Balls
|
|
Batting: SHB Chris Ortiz
|
0-0: Bunted foul 0-1: Bunt missed! 0-2: Foul Ball, location: 2F 0-2: Ball 1-2: Ball 2-2: Grounds into double play, 4-6-3 (Groundball, 4, EV 110.0 MPH)
|
|
Batting: RHB Miguel Verduzco
|
0-0: Foul Ball, location: 2F 0-1: Ball 1-1: Ball 2-1: Ball 3-1: Foul Ball, location: 2F 3-2: Foul Ball, location: 2F 3-2: Hit by Pitch
|
|
Pitching: RHP Josh Heath
|
|
|
Batting: RHB Ben Droge
|
0-0: Swinging Strike 0-1: Ground out U3 (Groundball, 34S, EV 90.6 MPH)
|
| Top of the 10th over - 0 runs, 0 hits, 0 errors, 1 left on base; Chattanooga 3 - Montgomery 3 |
| BOTTOM OF THE 10TH |
|
Montgomery Biscuits batting - Pitching for Chattanooga Lookouts : RHP Justin Gorden
|
|
Pitching: LHP Inkei Wakamatsu
|
|
|
Batting: RHB Kevin Kush
|
0-0: Ball 1-0: Foul Ball, location: 2F 1-1: Ground out 4-3 (Groundball, 4, EV 80.6 MPH)
|
|
Batting: SHB Brett McEwen
|
0-0: Ball 1-0: Swinging Strike 1-1: Foul Ball, location: 2F 1-2: Foul Ball, location: 2F 1-2: Ground out 4-3 (Groundball, 4S, EV 82.5 MPH)
|
|
Pinch Hitting: RHB Sczlopy Hed
|
0-0: Fly out, F9 (Flyball, 89D, EV 85.6 MPH)
|
| Bottom of the 10th over - 0 runs, 0 hits, 0 errors, 0 left on base; Chattanooga 3 - Montgomery 3 |
| TOP OF THE 11TH |
|
Chattanooga Lookouts batting - Pitching for Montgomery Biscuits : RHP Josh Heath
|
|
Now in RF: Cal Winters
|
|
|
Batting: RHB Julian de Reus
|
0-0: Ball 1-0: Foul Ball, location: 2F 1-1: Swinging Strike 1-2: Foul Ball, location: 2F 1-2: Reached on error, E5 (Groundball, 5, EV 98.1 MPH)
|
|
Batting: LHB Kozo Kanamori
|
0-0: SINGLE (Groundball, 4MD, EV 96.2 MPH) Julian de Reus to second
|
|
Batting: RHB Francisque Regras
|
0-0: Ball 1-0: Bunt missed! 1-1: Ball 2-1: Sac Bunt to 13S - play at first, batter safe! Julian de Reus to third Kozo Kanamori to second
|
|
Batting: LHB Matt Robertson
|
0-0: SINGLE (Flyball, 8RS, EV 97.5 MPH) Julian de Reus scores Kozo Kanamori to third Francisque Regras to second
|
|
Batting: RHB Isaiah Easter
|
0-0: Called Strike 0-1: Ball 1-1: Ball 2-1: Foul Ball, location: 2F 2-2: Ball 3-2: Base on Balls Kozo Kanamori scores Francisque Regras to third Matt Robertson to second
|
|
Batting: RHB Justin Allison
|
0-0: Called Strike 0-1: Ball 1-1: Swinging Strike 1-2: Foul Ball, location: 2F 1-2: Strikes out looking
|
|
Batting: SHB Chris Ortiz
|
0-0: Called Strike 0-1: Fly out, F9 (Flyball, 9LM, EV 90.6 MPH)
|
|
Batting: RHB Miguel Verduzco
|
0-0: Foul Ball, location: 2F 0-1: Foul Ball, location: 2F 0-2: Ball 1-2: Foul Ball, location: 2F 1-2: Ball 2-2: Ball 3-2: Foul Ball, location: 2F 3-2: Strikes out swinging
|
| Top of the 11th over - 2 runs, 3 hits, 1 error, 3 left on base; Chattanooga 5 - Montgomery 3 |
| BOTTOM OF THE 11TH |
|
Montgomery Biscuits batting - Pitching for Chattanooga Lookouts : LHP Inkei Wakamatsu
|
|
Batting: SHB Willie Koviak
|
0-0: Called Strike 0-1: Swinging Strike 0-2: Foul Ball, location: 2F 0-2: Ball 1-2: Foul Ball, location: 2F 1-2: Ground out 6-3 (Groundball, 6, EV 108.8 MPH)
|
|
Batting: RHB Devin Brown
|
0-0: Called Strike 0-1: Fly out, F8 (Flyball, 78D, EV 100.0 MPH)
|
|
Batting: RHB Alfredo Moreno
|
0-0: Ground out 6-3 (Groundball, 6, EV 78.8 MPH)
|
| Bottom of the 11th over - 0 runs, 0 hits, 0 errors, 0 left on base; Chattanooga 5 - Montgomery 3 |
|